Map: [ESL] Glittering Ashes

Players

Reynor - Winner!

  • Race: Zerg Zerg

Dark

  • Race: Zerg Zerg

Event: IEM Katowice 2022

VOD

Have the link to the VOD?

Description

Time

  • Played on: Feb. 26, 2022, 12:39 p.m.
  • Length: 11:36

All games in this series

Show
View Real Time Build Order
Export as new Build Order

Reynor Zerg - Winner!

Build Orders: Hatch First 

Get SALT Encoding   

  12  0:00  Drone  
  13  0:12  Overlord  
  13  0:17  Drone  
  14  0:30  Drone x2  
  16  0:48  Hatchery  
  15  0:51  Drone  
  15  0:54  Drone  
  17  0:58  Drone  
  18  1:09  Extractor  
  17  1:13  Spawning Pool  
  17  1:17  Drone  
  17  1:20  Drone  
  18  1:27  Drone  
  19  1:38  Drone  
  20  1:50  Drone  
  21  2:00  Overlord, Queen x2  
  21  2:01  Zergling x2  
  26  2:10  Drone  
  26  2:11  Drone  
  26  2:12  Metabolic Boost  
  28  2:21  Drone  
  28  2:22  Drone  
  30  2:34  Hatchery  
  30  2:35  Drone  
  30  2:38  Drone  
  30  2:42  Drone  
  32  2:46  Baneling Nest  
  32  2:48  Drone  
  32  2:53  Overlord  
  32  2:54  Drone  
  33  3:04  Drone x2  
  35  3:08  Drone  
  35  3:11  Queen  
  38  3:13  Zergling x4  
  38  3:14  Zergling x2  
  38  3:19  Evolution Chamber  
  40  3:20  Drone  
  40  3:23  Overlord  
  40  3:25  Drone  
  40  3:26  Drone  
  43  3:31  Drone  
  44  3:41  Overlord  
  44  3:42  Drone  
  44  3:43  Drone x4  
  49  3:53  Zerg Ground Armor Level 1  
  49  3:54  Drone x2  
  51  4:01  Drone  
  51  4:02  Roach Warren, Drone x2  
  53  4:06  Drone x2  
  53  4:08  Overlord  
  55  4:11  Drone  
  55  4:16  Drone x2  
  55  4:17  Drone, Extractor  
  59  4:18  Extractor  
  59  4:22  Overlord  
  57  4:28  Drone x3  
  57  4:29  Drone x2  
  57  4:30  Overlord  
  61  4:44  Baneling  
  61  4:45  Roach x5  
  71  4:46  Roach  
  71  4:49  Roach  
  75  4:53  Overlord  
  75  4:54  Roach  
  75  4:56  Zergling x12  
  83  5:01  Zergling x2  
  83  5:02  Baneling x3  
  83  5:06  Zergling x4  
  86  5:15  Zergling x10  
  86  5:17  Overlord, Queen  
  92  5:21  Baneling  
  92  5:22  Lair  
  92  5:23  Zergling x2  
  92  5:25  Drone, Queen  
  92  5:27  Overlord  
  96  5:28  Drone  
  96  5:32  Overlord  
  95  5:37  Drone  
  95  5:38  Drone x5  
  99  5:42  Overlord  
  99  5:49  Drone x3  
  96  5:52  Zerg Missile Weapons Level 1, Overlord  
  96  5:53  Drone x2  
  96  5:56  Extractor  
  96  5:57  Extractor  
  94  6:01  Roach x5  
  103  6:06  Roach  
  103  6:11  Roach  
  107  6:13  Overlord  
  107  6:18  Roach  
  109  6:21  Roach  
  109  6:22  Roach  
  109  6:24  Overseer  
  113  6:26  Drone x4  
  113  6:28  Roach x2  
  113  6:29  Extractor  
  113  6:30  Roach  
  122  6:32  Spine Crawler x2  
  122  6:33  Roach x3  
  122  6:37  Roach x2  
  129  6:41  Roach  
  129  6:44  Roach  
  129  6:46  Queen, Overlord  
  135  6:51  Roach  
  140  6:54  Roach x3  
  140  6:56  Overlord  
  140  6:58  Roach x2  
  140  7:00  Roach  
  140  7:01  Roach  
  139  7:03  Roach  
  139  7:06  Roach  
  142  7:13  Ravager x3  
  142  7:15  Roach x2  
  149  7:18  Roach x2  
  149  7:19  Roach x2  
  149  7:22  Roach x2  
  159  7:27  Roach x3  
  149  7:34  Roach x3  
  155  7:40  Roach  
  157  7:44  Roach  
  157  7:45  Ravager  
  157  7:47  Roach  
  162  7:52  Overlord x3, Zerg Missile Weapons Level 2  
  162  7:57  Hatchery  
  161  8:00  Glial Reconstitution  
  161  8:03  Drone, Overlord  
  162  8:06  Evolution Chamber, Pneumatized Carapace  
  162  8:11  Roach x4  
  169  8:20  Roach x6  
  169  8:26  Roach x3  
  187  8:29  Roach  
  189  8:34  Roach x2  
  189  8:37  Overlord  
  189  8:38  Zerg Ground Armor Level 2  
  193  8:46  Overlord  
  193  8:49  Overseer  
  193  8:57  Roach x3  
  199  9:22  Hydralisk Den  
  199  9:23  Infestation Pit  
  197  9:24  Roach  
  171  9:34  Roach x6  
  154  9:41  Roach  
  154  9:42  Roach x4  
  145  9:49  Spore Crawler, Drone x2  
  132  9:59  Hydralisk x14  
  156  10:06  Muscular Augments  
  148  10:10  Roach x2  
  148  10:11  Roach x2  
  142  10:19  Roach x6  
  148  10:23  Roach x2  
  148  10:24  Roach  
  148  10:27  Roach  
  156  10:29  Roach  
  156  10:32  Roach  
  160  10:37  Roach x3  
  160  10:41  Roach x2  
  170  10:44  Roach x2  
  170  10:48  Spore Crawler  
  170  10:49  Roach  
  173  10:58  Roach x5  
  183  11:05  Roach x4  
  191  11:12  Roach x2  
  191  11:16  Overlord  
Show
View Real Time Build Order
Export as new Build Order

Dark Zerg 

Build Orders: Hatch First 

Get SALT Encoding   

  12  0:00  Drone  
  13  0:13  Overlord  
  13  0:17  Drone  
  14  0:31  Drone x2  
  16  0:47  Hatchery  
  15  0:51  Drone  
  15  0:55  Drone  
  17  0:57  Drone  
  18  1:09  Extractor  
  17  1:13  Spawning Pool  
  17  1:15  Drone  
  17  1:20  Drone  
  18  1:29  Drone  
  19  1:40  Drone  
  20  1:52  Drone  
  21  1:59  Queen x2  
  21  2:01  Zergling x2  
  26  2:02  Drone  
  27  2:11  Overlord  
  27  2:13  Drone, Metabolic Boost  
  28  2:29  Zergling x2  
  29  2:30  Drone  
  29  2:31  Drone  
  29  2:33  Drone  
  32  2:37  Hatchery  
  31  2:44  Queen  
  33  2:54  Baneling Nest  
  33  2:58  Overlord  
  32  2:59  Drone  
  32  3:00  Drone  
  32  3:05  Drone  
  35  3:07  Zergling x2  
  36  3:17  Drone x5  
  41  3:21  Overlord  
  41  3:31  Drone  
  41  3:32  Drone x2  
  44  3:37  Evolution Chamber  
  44  3:38  Baneling  
  44  3:41  Drone x2  
  44  3:43  Lair  
  44  3:47  Drone x2  
  47  3:58  Drone x4  
  51  4:03  Roach Warren  
  51  4:07  Zerg Missile Weapons Level 1, Extractor  
  51  4:08  Extractor  
  51  4:09  Zergling x2  
  50  4:10  Extractor, Zergling x2  
  50  4:11  Drone  
  50  4:13  Drone  
  51  4:17  Overlord  
  51  4:18  Drone x2  
  51  4:21  Drone  
  54  4:28  Zergling x8  
  58  4:41  Drone x3  
  58  4:43  Glial Reconstitution  
  61  4:46  Drone x2  
  61  4:49  Baneling x2  
  61  4:52  Overlord  
  63  4:56  Roach  
  63  4:57  Overlord  
  65  5:02  Overlord  
  65  5:11  Roach x4  
  65  5:13  Overlord  
  73  5:16  Roach x3  
  73  5:17  Spine Crawler  
  73  5:19  Roach x2  
  73  5:21  Baneling x2  
  81  5:24  Roach  
  81  5:25  Baneling x2  
  81  5:27  Roach  
  85  5:28  Baneling  
  85  5:30  Roach  
  85  5:35  Roach x2  
  91  5:39  Roach  
  91  5:42  Roach x2  
  93  5:47  Roach x2  
  93  5:49  Roach  
  93  5:52  Roach  
  95  5:58  Overlord  
  95  6:03  Nydus Network, Roach x2  
  98  6:07  Overlord  
  98  6:09  Overlord  
  98  6:14  Overlord  
  98  6:15  Overseer  
  98  6:16  Overlord  
  98  6:18  Roach  
  98  6:21  Roach  
  98  6:23  Roach  
  104  6:33  Roach x3  
  104  6:36  Roach x2  
  104  6:37  Roach  
  116  6:44  Nydus Canal  
  116  6:46  Roach x3  
  122  6:48  Roach  
  122  6:52  Roach  
  126  6:57  Roach x2  
  126  6:59  Nydus Canal  
  126  7:01  Roach  
  122  7:05  Roach x2  
  116  7:08  Roach  
  116  7:10  Roach  
  120  7:19  Roach  
  116  7:26  Roach  
  116  7:28  Drone x5  
  111  7:34  Drone  
  111  7:35  Spire  
  111  7:38  Extractor  
  111  7:39  Extractor  
  111  7:40  Drone x2  
  111  7:41  Drone  
  112  7:46  Zerg Missile Weapons Level 2  
  112  7:47  Queen  
  112  7:49  Drone x2  
  116  7:52  Drone  
  117  7:59  Roach  
  117  8:00  Ravager  
  117  8:04  Roach x3  
  117  8:05  Roach  
  128  8:08  Drone  
  128  8:11  Drone  
  130  8:16  Overlord  
  130  8:17  Overlord  
  130  8:20  Overlord  
  130  8:24  Overlord  
  130  8:34  Queen  
  132  8:42  Drone  
  132  8:43  Drone x3  
  132  8:48  Mutalisk x6  
  138  8:50  Ravager  
  138  8:53  Ravager  
  150  8:57  Roach x3  
  150  9:01  Ravager  
  157  9:07  Roach x2  
  161  9:15  Overlord  
  161  9:16  Overlord  
  161  9:18  Overlord  
  161  9:29  Roach x2  
  161  9:30  Roach x3  
  153  9:32  Roach x2  
  153  9:36  Roach  
  153  9:37  Roach x3  
  137  9:41  Roach  
  137  9:43  Roach  
  124  9:45  Queen x2  
  124  9:48  Roach  
  124  9:51  Roach  
  111  9:53  Roach  
  111  9:59  Roach  
  102  10:02  Roach  
  102  10:03  Roach  
  99  10:11  Roach  
  94  10:14  Roach  
  94  10:15  Roach  
  95  10:21  Roach  
  95  10:25  Drone x2  
  99  10:33  Drone x4  
  99  10:35  Roach x2  
  107  10:38  Hatchery  
  106  10:44  Roach  
  106  10:45  Roach x2  
  112  10:56  Roach x3  
  118  10:57  Roach  
  118  11:01  Ravager x7  
  118  11:03  Roach  
  129  11:07  Roach x2  
  129  11:10  Roach  
  135  11:12  Roach  
  135  11:15  Roach  
  135  11:17  Roach  

Tags
 
Add a new tag
Caveats
  • Supply blocks, unpowered buildings, or Contaminate may cause inaccurate times.
  • Supply counts are checked every 10 seconds.